 Dungeon Crawl Stone Soup version 0.29-a0-613-gf2c431b9b9 (webtiles) character file.

Game seed: 2336382862925450107

25 moldycheese5 the Skirmisher (level 2, -3/24 HPs)
             Began as a Demonspawn Abyssal Knight on June 16, 2022.
             Was a Believer of Lugonu.
             Slain by a gnoll
             ... wielding a +0 spear
              (4 damage)
             ... on level 1 of the Dungeon.
             The game lasted 00:01:23 (909 turns).

moldycheese5 the Skirmisher (DsAK)                   Turns: 909, Time: 00:01:23

Health: -3/24      AC:  3    Str: 13    XL:     2   Next: 86%
Magic:  3/3        EV: 11    Int: 11    God:    Lugonu [**....]
Gold:   8          SH:  0    Dex: 13    Spells: 1/1 levels left

rFire   . . .      SeeInvis .     - Unarmed
rCold   . . .      Faith    .   (no shield)
rNeg    . . .      Spirit   .   a - +0 leather armour
rPois   .          Reflect  .   (no helmet)
rElec   .          Harm     .   (no cloak)
rCorr   .          Rampage  .   (no gloves)
Will    .....                   (no boots)
Stlth   +.........              (no amulet)
HPRegen 0.08/turn               (no ring)
MPRegen 0.16/turn               (no ring)

@: no status effects
A: magic regeneration
a: Renounce Religion, Depart the Abyss, Bend Space


You were on level 1 of the Dungeon.
You worshipped Lugonu.
Lugonu was pleased with you.
You visited 1 branch of the dungeon, and saw 1 of its levels.
You visited the Abyss 1 time.

You collected 8 gold pieces.

Inventory:

Armour
 a - a +0 leather armour (worn)
Scrolls
 c - a scroll of amnesia {unknown}
 e - a scroll of teleportation {unknown}
Potions
 b - a potion of curing {unknown}
 d - a potion of resistance {unknown}


   Skills:
 + Level 3.2 Fighting
 + Level 2.3 Armour
 + Level 1.0 Dodging
 + Level 2.3 Unarmed Combat
 + Level 2.5 Invocations


You had one spell level left.
You didn't know any spells.
Your spell library was empty.

Dungeon Overview and Level Annotations

Branches:
Dungeon (1/15)

Altars:


Innate Abilities, Weirdness & Mutations

You regenerate magic rapidly.


Message History

HP restored.
d - a viscous clear potion
e - a scroll labelled NEEWUVYIMN A gnoll comes into view.
It is wielding a +0 spear.
A gnoll is nearby!
A gnoll is nearby!
The gnoll misses you.
You completely miss the gnoll. The gnoll barely misses you.
You barely miss the gnoll. The gnoll barely misses you.
You hit the gnoll but do no damage. The gnoll misses you.
You hit the gnoll.
The gnoll is lightly wounded.
The gnoll hits you with a +0 spear.
You hit the gnoll but do no damage.
The gnoll is lightly wounded.
The gnoll hits you with a +0 spear.
You hit the gnoll.
The gnoll is moderately wounded.
The gnoll hits you with a +0 spear.
You barely miss the gnoll.
The gnoll is moderately wounded.
The gnoll hits you but does no damage.
You closely miss the gnoll.
The gnoll is moderately wounded.
The gnoll hits you with a +0 spear.
You are too injured to fight recklessly!
You are too injured to fight recklessly!
You are too injured to fight recklessly!
You are too injured to fight recklessly!
The gnoll barely misses you.
The gnoll hits you from afar with a +0 spear!
* * * LOW HITPOINT WARNING * * *
The gnoll barely misses you.
You see here a frilled lizard skeleton.
The gnoll hits you from afar with a +0 spear.
* * * LOW HITPOINT WARNING * * *
You see here a +0 leather armour.
Found 11 gold pieces.
The gnoll hits you from afar with a +0 spear.
You die...

# #.##.###.##.#..#
#####.##.# #.##.#..#
.........###.......#
#####.............##
###.########..#
##รท## #..######
#...#######........
#......[.g..# #
#...#######@# #####
#.# #$# ### #.# #Z#
#.# ######### ..#
...##...# #.#
##..'.>.+ #.#
#####...#


You could see a gnoll.

Vanquished Creatures
  2 dart slugs (D:1)
  An endoplasm (D:1)
  2 hobgoblins (D:1)
  5 jackals (D:1)
  A kobold (D:1)
  A quokka (D:1)
  2 ball pythons (D:1)
  2 bats (D:1)
  2 frilled lizards (D:1)
  2 rats (D:1)
20 creatures vanquished.

Notes
Turn   | Place    | Note
-------+----------+-------------------------------------------
     0 | Abyss:1  | moldycheese5 the Demonspawn Abyssal Knight began the quest
                  | for the Orb.
     0 | Abyss:1  | Reached XP level 1. HP: 18/18 MP: 2/2
     0 | D:1      | Escaped the Abyss
     0 | D:1      | Noticed a demigod
    17 | D:1      | Noticed a minotaur
    24 | D:1      | Noticed a draconian
    26 | D:1      | Noticed a minotaur zombie
    28 | D:1      | Noticed a minotaur zombie
    30 | D:1      | Noticed a demonspawn
   313 | D:1      | Gained mutation: You regenerate magic rapidly. [demonic
                  | ancestry]
   313 | D:1      | Reached XP level 2. HP: 22/24 MP: 3/3
   321 | D:1      | Reached ** piety under Lugonu
   658 | D:1      | Reached skill level 1 in Dodging
   901 | D:1      | HP: 1/24 [gnoll/+0 spear (2)]
   909 | D:1      | Slain by a gnoll

Illustrated notes

Levels and vault maps discovered:
D:1:      shiori_arrival_whats_in_store_for_you, layout_loops_ring

Skill      XL: |  1  2 |
---------------+-------+-----
Armour         | 2 |  2.3
Unarmed Combat | 2 |  2.3
Dodging        | 1 |  1.0
Fighting       | |  3.2
Invocations    | |  2.5

Action                   || total
-------------------------++-------
Melee: Unarmed           ||   102
       Punch             ||     2
Invok: Depart the Abyss  ||     1
Armor: Leather armour    ||    31
Dodge: Dodged            ||    84

Table legend: (Time is in decaauts)
 A = Elapsed time spent in this place.
 B = Non-inter-level travel time spent in this place.
 C = Inter-level travel time spent in this place.
 D = Time resting spent in this place.
 E = Time spent auto-exploring this place.
 F = Levels seen in this place.
 G = Mean time per level.
                   A        B        C        D        E       F      G
               +--------+--------+--------+--------+--------+-----+--------+
         Total |    905 |    905 |      0 |    415 |    315 |   2 |  452.5 |
       Dungeon |    905 |    905 |      0 |    415 |    315 |   1 |  905.0 |
         Abyss |      0 |      0 |      0 |      0 |      0 |   1 |    0.0 |
               +--------+--------+--------+--------+--------+-----+--------+

Top non-repeatable levels by time:
     D:1: 905 daAuts
